 Dungeon Crawl Stone Soup version 0.28-a0-1395-g4f6bc678fa (webtiles) character file.

Game seed: 14910040642180431296

56 fragbeetle the Ruffian (level 3, -4/29 HPs)
             Began as a Draconian Transmuter on Jan 5, 2022.
             Killed from afar by Natasha (9 damage)
             ... with a magic dart
             ... on level 2 of the Dungeon.
             The game lasted 00:02:36 (1278 turns).

fragbeetle the Ruffian (Draconian Transmuter)       Turns: 1278, Time: 00:02:36

Health: -4/29      AC:  6    Str: 14    XL:     3   Next: 71%
Magic:  5/6        EV: 12    Int: 13    God:
Gold:   50         SH:  0    Dex: 11    Spells: 5/6 levels left

rFire   + . .      SeeInvis .     - Unarmed
rCold   . . .      Faith    .   (no shield)
rNeg    . . .      Spirit   .   (armour unavailable)
rPois   .          Reflect  .   (helmet currently unavailable)
rElec   .          Harm     .   i - +0 cloak
rCorr   .          Rampage  .   (no gloves)
Will    .....                   (boots currently unavailable)
Stlth   +.........              (no amulet)
HPRegen 0.09/turn               e - ring of protection from fire
MPRegen 0.10/turn               (no ring)

@: appendages (expiring)
A: horns 2, talons 2, AC +5, unfitting armour, cold-blooded
a: End Transformation


You were on level 2 of the Dungeon.
You had temporarily grown beastly horns and talons.
You visited 1 branch of the dungeon, and saw 2 of its levels.

You collected 50 gold pieces.

Inventory:

Missiles
 f - 3 boomerangs (quivered)
Armour
 i - a +0 cloak (worn)
Jewellery
 e - a ring of protection from fire (left hand)
Scrolls
 b - a scroll of brand weapon {unknown}
 c - a scroll of identify {unknown}
 h - a scroll of blinking {unknown}
 j - a scroll of noise {unknown}
 k - a scroll of fear {unknown}
Potions
 a - a potion of brilliance {unknown}
 d - a potion of heal wounds {unknown}
 g - a potion of lignification {unknown}


   Skills:
 + Level 1.8 Fighting
 + Level 2.2 Dodging
 * Level 3.6 Unarmed Combat
 - Level 2.0 Spellcasting
 * Level 2.8 Transmutations


You had 5 spell levels left.
You knew the following spells:

 Your Spells              Type           Power      Damage    Failure   Level
a - Beastly Appendage     Tmut           16%        N/A       8%          1

Your spell library contained the following spells:

 Spells                   Type           Power      Damage    Failure   Level
 Wereblood                Tmut           8%         N/A       12%         2
 Spider Form              Tmut/Pois      5%         N/A       38%         3
 Stone Arrow              Conj/Erth      2%         3d7       58%         3
 Ice Form                 Ice/Tmut       5%         N/A       80%         4
 Lehudib's Crystal Spear  Conj/Erth      0%         10d2      100%        8
 Animate Armour           Summ/Erth      Unusable   N/A       N/A         4

Dungeon Overview and Level Annotations

Branches:
Dungeon (2/15)

Altars:

Shops:
D:1 [

Annotations:
D:2 Natasha


Innate Abilities, Weirdness & Mutations

You have temporarily grown beastly horns and talons.
Your plain brown scales are hard. (AC +5)
You cannot fit into any form of body armour.
You are cold-blooded and may be slowed by cold attacks.


Message History

You tail-slap the goblin.
You kill the goblin!
Things that are here:
a +0 dagger of electrocution; 26 stones; a goblin corpse Your transformation is almost over.
A kobold comes into view. It is wielding a +0 short sword.
The kobold shouts!
A giant cockroach comes into view.
You see here a scroll labelled ETEITA UTZU.
Casting: Beastly Appendage (safe; 8% risk of failure)
Confirm with . or Enter, or press ? or * to list all spells.
You extend your transformation's duration.
A ball python comes into view.
Natasha, Servant of Life and Death comes into view.
You closely miss the kobold.
Natasha hisses angrily.
The ball python hisses angrily.
The kobold hits you but does no damage.
You completely miss the kobold. Your kick misses the kobold.
Your transformation is almost over.
You closely miss the kobold. You claw the kobold.
You kill the kobold!
Natasha stares at you and mumbles some strange words.
The magic dart hits you.
* * * LOW HITPOINT WARNING * * *
The giant cockroach barely misses you. Natasha casts a spell at you.
The magic dart hits you.
* * * LOW HITPOINT WARNING * * *
The giant cockroach closely misses you.
You see here a +0 short sword.
You hit the giant cockroach but do no damage.
You claw the giant cockroach.
You kill the giant cockroach!
The ball python bites you but does no damage.
The ball python barely misses you.
You hit the ball python.
You kill the ball python!
Natasha stares at you and mumbles some strange words.
The magic dart hits you!
You die...

. #....... #....#
#.#.#.#.......
#....###.#.#.#......÷ .
#....................
..##..........#.##....##
........................
....h........##.#.....##
................#.....##
#†@?....####.######
#.............#####
#........)..†......
#..........(..###..
.................#
..................#
.......##..........#
.......##....###...# ..
......# #...#


You could see Natasha.

Vanquished Creatures
  2 adders (D:2)
  2 dart slugs (D:1)
  3 bats
  5 endoplasms
  3 giant cockroaches
  5 goblins
  A hobgoblin (D:1)
  5 ball pythons
  3 frilled lizards (D:1)
  3 kobolds
  2 rats
34 creatures vanquished.

Notes
Turn   | Place    | Note
-------+----------+-------------------------------------------
     0 | D:1      | fragbeetle the Draconian Transmuter began the quest for the
                  | Orb.
     0 | D:1      | Reached XP level 1. HP: 16/16 MP: 3/3
    16 | D:1      | Found Dugia's Antique Armour Boutique.
   209 | D:1      | Reached XP level 2. HP: 22/23 MP: 3/5
   893 | D:1      | Found a faded altar of an unknown god.
  1018 | D:2      | Reached XP level 3. HP: 16/28 MP: 4/6
  1272 | D:2      | Noticed Natasha
  1278 | D:2      | Killed from afar by Natasha

Illustrated notes

Levels and vault maps discovered:
D:1:      doesnt_arrival_eight_statues, layout_basic, serial_shops,
          nicolae_shop_overgrown_old_shop, ebering_ecumenical_altar_rust,
          kennysheep_pointless_box, hangedman_decor_growths,
          minmay_split_cup_small
D:2:      layout_basic, chequers_serial_rivers_large_b, uniq_natasha

Skill      XL: |  1  2 |
---------------+-------+-----
Dodging        | 2 |  2.2
Fighting       | |  1.8
Unarmed Combat | |  3.6
Spellcasting   | |  2.0
Transmutations | |  2.8

Action                   || total
-------------------------++-------
Melee: Unarmed           ||    77
       Kick              ||    12
       Headbutt          ||     6
       Tailslap          ||     4
Throw: Boomerang         ||     2
 Cast: Beastly Appendage ||    19
Armor: Skin              ||    26
Dodge: Dodged            ||    42

Table legend: (Time is in decaauts)
 A = Elapsed time spent in this place.
 B = Non-inter-level travel time spent in this place.
 C = Inter-level travel time spent in this place.
 D = Time resting spent in this place.
 E = Time spent auto-exploring this place.
 F = Levels seen in this place.
 G = Mean time per level.
                   A        B        C        D        E       F      G
               +--------+--------+--------+--------+--------+-----+--------+
         Total |   1278 |   1251 |     27 |    105 |    826 |   2 |  639.0 |
       Dungeon |   1278 |   1251 |     27 |    105 |    826 |   2 |  639.0 |
               +--------+--------+--------+--------+--------+-----+--------+

Top non-repeatable levels by time:
     D:1: 1007 daAuts
     D:2: 271 daAuts
